 Dungeon Crawl Stone Soup version 0.17-a0-1882-g750edc8 (webtiles) character file.

1073 GrandHerb the Gusty (level 8, -10/41 HPs)
             Began as a Tengu Air Elementalist on Sept 21, 2015.
             Was a Priest of Nemelex Xobeh.
             Shot with an arrow by a centaur (11 damage)
             ... on level 5 of the Dungeon on Sept 22, 2015.
             The game lasted 01:05:46 (5976 turns).

GrandHerb the Gusty (Tengu Air Elementalist)        Turns: 5976, Time: 01:05:47

Health: -10/41     AC:  3    Str:  8    XL:     8   Next: 29%
Magic:  12/15      EV: 14    Int: 18    God:    Nemelex Xobeh [***...]
Gold:   161        SH:  0    Dex: 15    Spells: 4 memorised, 6 levels left

rFire  + + .     SeeInvis .     n - +4 dagger of Harmony {pierce, +Fly rF++}
rCold  . . .     Clarity  .     B - +1 robe {MR+}
rNeg   . . .     SustAt   .     (no shield)
rPois  +         Gourm    .     (helmet restricted)
rElec  .         Spirit   .     (no cloak)
rCorr  .         Warding  .     (no gloves)
rMut   .         Stasis   .     (boots unavailable)
MR     +....                    (no amulet)
Stlth  ++++......               u - ring of stealth
                                d - ring of poison resistance

@: somewhat resistant to hostile enchantments, stealthy
A: beak, talons 3, able to fly 1
a: Fly, Triple Draw, Renounce Religion, Evoke Flight


You were on level 5 of the Dungeon.
You worshipped Nemelex Xobeh.
Nemelex Xobeh was most pleased with you.
You were not hungry.

You visited 1 branch of the dungeon, and saw 5 of its levels.

You collected 161 gold pieces.

Inventory:

Hand weapons
 n - the +4 dagger of Harmony (weapon) {pierce, +Fly rF++}
   (You found it on level 4 of the Dungeon)

   It inflicts extra damage upon your enemies.
   It greatly protects you from fire.
   It lets you fly.
Armour
 a - a +0 robe
 B - a +1 robe of magic resistance (worn)
Jewellery
 d - a ring of poison resistance (left hand)
 u - a ring of stealth (right hand)
 A - an uncursed amulet of stasis
 G - an uncursed ring of flight
Scrolls
 f - 3 scrolls of teleportation {unknown}
 h - 7 scrolls of enchant armour {unknown}
 j - 2 scrolls of immolation {unknown}
 k - 2 scrolls of enchant weapon {unknown}
 l - 6 scrolls of remove curse {unknown}
 m - 2 scrolls of magic mapping {unknown}
 r - 4 scrolls of identify {unknown}
 y - a scroll of fear {unknown}
Potions
 e - a potion of magic {unknown}
 g - 3 potions of curing {unknown}
 o - a potion of might {unknown}
 p - a potion of mutation {unknown}
 q - a potion of ambrosia {unknown}
 w - a potion of cure mutation {unknown}
 x - 2 potions of cancellation {unknown}
 z - a potion of degeneration {unknown}
 D - a potion of resistance {unknown}
 E - 2 potions of poison {unknown}
 F - a potion of haste {unknown}
Books
 b - a book of Air

   Spells                             Type                      Level
   a - Shock                          Conjuration/Air              1
   b - Swiftness                      Charms/Air                   2
   c - Repel Missiles                 Charms/Air                   2
   d - Static Discharge               Conjuration/Air              3
   e - Lightning Bolt                 Conjuration/Air              5
Miscellaneous
 v - a plain deck of war {drawn: 10}
 C - a plain deck of escape {drawn: 3}
 H - a legendary deck of war {drawn: 2}
Comestibles
 c - 4 bread rations
 i - 8 fruits
 s - a slice of pizza
 t - 2 beef jerkies


   Skills:
 + Level 2.5 Short Blades
 + Level 4.3 Dodging
 + Level 4.0 Stealth
 - Level 2.2 Unarmed Combat
 * Level 4.6 Spellcasting
 + Level 4.5 Conjurations
 + Level 6.0 Air Magic
 + Level 2.4 Evocations


You had 6 spell levels left.
You knew the following spells:

 Your Spells              Type           Power        Failure   Level  Hunger
a - Shock                 Conj/Air       ###.         1%          1    None
b - Swiftness             Chrm/Air       ###.....     8%          2    #......
c - Lightning Bolt        Conj/Air       ###.......   54%         5    ######.
d - Repel Missiles        Chrm/Air       ###...       8%          2    #......


Dungeon Overview and Level Annotations

Branches:
Dungeon (5/15)
 Temple: D:4-7

Altars:
Ashenzari
Elyvilon
Kikubaaqudgha
Nemelex Xobeh
Okawaru
Trog
Zin
The Shining One


Innate Abilities, Weirdness & Mutations

You have a beak for a mouth.
You have claws for feet.
You can fly.


Message History

GrandHerb's illusion is moderately wounded.
The zap hits the adder zombie.
GrandHerb's illusion casts a spell at you.
The zap misses you.
The centaur wields a shortbow.
The centaur shoots an arrow.
The arrow misses you.
The centaur shoots an arrow.
The arrow hits you!
* * * LOW HITPOINT WARNING * * *
GrandHerb's illusion gestures at you while chanting.
The zap hits you!
* * * LOW HITPOINT WARNING * * *
The centaur shoots an arrow.
The arrow closely misses you.
There is an open door here.
You see here an arrow.
GrandHerb's illusion points at you and mumbles some strange words.
The zap hits you!
* * * LOW HITPOINT WARNING * * *
The centaur shoots an arrow.
The arrow hits you!
You die...
Your body disappears without a glow.

###.............#.#.###.######...
#.....#+#......[....# #.# .
#.#.#...............###..
#...#.#...............+...
#####.#......c......###...#
.....(#.###+#'#c....# #...#
#####)....#.#Z##'#+## .....
##.#####.#@##.#.#
####..)(....#.##@#.#
#.........###....#.# #.........#
######.# #.........# #.#
#######...########.###
#...##.........# #...##.........#
#..............##
#...............#


You could see a centaur.

Vanquished Creatures
  An eye of draining (D:5)
  A centaur (D:5)
  A giant frog (D:4)
  A killer bee (D:5)
  2 scorpions (D:5)
  A jelly (D:5)
  An orc wizard (D:4)
  2 hounds (D:3)
  8 worker ants
  5 gnolls
  5 adders
  An adder skeleton (D:5)
  A giant gecko (D:4)
  7 orcs
  2 ball pythons
  7 giant cockroaches
  15 goblins
  8 hobgoblins
  11 jackals
  9 kobolds
  A quokka (D:4)
  8 bats
  A giant gecko skeleton (D:4)
  6 giant newts
  5 rats
110 creatures vanquished.

Vanquished Creatures (collateral kills)
  The ghost of Loris the Magician, an average DEFE (D:4)
  A soldier ant (D:5)
  A scorpion (D:4)
  A worker ant (D:5)
  Robin (D:4)
  A giant gecko (D:4)
  2 giant cockroaches (D:5)
  4 hobgoblins (D:4)
  A goblin (D:4)
13 creatures vanquished.

Grand Total: 123 creatures vanquished

Notes
Turn   | Place    | Note
--------------------------------------------------------------
     0 | D:1      | GrandHerb the Tengu Air Elementalist began the quest for the Orb.
     0 | D:1      | Reached XP level 1. HP: 10/10 MP: 4/4
   626 | D:1      | Reached XP level 2. HP: 4/15 MP: 1/6
  1932 | D:2      | Reached XP level 3. HP: 19/19 MP: 0/7
  2171 | D:2      | Found a faded altar to an unknown god.
  2185 | D:2      | Became a worshipper of Nemelex Xobeh the Trickster
  2185 | D:2      | Received a gift from Nemelex Xobeh
  2447 | D:2      | Found a bloodstained altar of Trog.
  2449 | D:2      | Found an ancient bone altar of Kikubaaqudgha.
  2489 | D:2      | Reached skill level 1 in Unarmed Combat
  2825 | D:2      | Found an iron altar of Okawaru.
  2827 | D:2      | Found a shattered altar of Ashenzari.
  2879 | D:3      | Found a glowing silver altar of Zin.
  2937 | D:3      | Reached XP level 4. HP: 24/24 MP: 7/9
  2949 | D:3      | Gained mutation: You can fly. [Tengu growth]
  2949 | D:3      | Reached XP level 5. HP: 16/28 MP: 4/10
  3058 | D:3      | Learned a level 2 spell: Swiftness
  3064 | D:3      | Learned a level 5 spell: Lightning Bolt
  3094 | D:3      | Received a gift from Nemelex Xobeh
  3130 | D:3      | Found a white marble altar of Elyvilon.
  3385 | D:4      | Received a gift from Nemelex Xobeh
  3655 | D:4      | Reached skill level 5 in Air Magic
  3655 | D:4      | Reached skill level 1 in Evocations
  3738 | D:4      | Received a gift from Nemelex Xobeh
  3755 | D:4      | Noticed Loris's ghost (average DEFE)
  3766 | D:4      | Killed Loris's ghost
  3766 | D:4      | Reached XP level 6. HP: 32/32 MP: 9/11
  4112 | D:4      | Got a crude dagger
  4156 | D:4      | Identified the +4 dagger of Harmony {pierce, +Fly rF++} (You found it on level 4 of the Dungeon)
  4183 | D:4      | Noticed Robin
  4193 | D:4      | Killed Robin
  4224 | D:4      | Reached XP level 7. HP: 15/36 MP: 10/13
  4513 | D:4      | Acquired Nemelex Xobeh's first power
  4581 | D:5      | Entered Level 5 of the Dungeon
  4600 | D:5      | Reached skill level 1 in Short Blades
  4880 | D:5      | Found a glowing golden altar of the Shining One.
  5072 | D:5      | Found a runed door.
  5099 | D:5      | Found a runed door.
  5186 | D:5      | Reached XP level 8. HP: 38/41 MP: 9/15
  5229 | D:5      | Noticed a green ugly thing
  5231 | D:5      | Reached skill level 6 in Air Magic
  5544 | D:5      | Upgraded the game from 0.17-a0-1880-gacf7e67 to 0.17-a0-1882-g750edc8
  5547 | D:5      | Learned a level 2 spell: Repel Missiles
  5568 | D:5      | Received a gift from Nemelex Xobeh
  5972 | D:5      | HP: 1/41 [GrandHerb's illusion/zap (3)]
  5976 | D:5      | Shot with an arrow by a centaur

Vault maps used:
D:1:      dpeg_arrival_erosion
D:2:      nicolae_overflow_hidden_temple, ecumenical_altar_1
D:3:      nicolae_overflow_crystal_walls, zin_scriptorium, first_bread,
          minivault_19, cheibrodos_gnoll_hut
D:4:      roderic_bipointed_swastika, uniq_robin
D:5:      lemuel_insect_pit, nicolae_tso_carved_into_rock

Action                   |  1- 3 |  4- 6 |  7- 9 || total
-------------------------+-------+-------+-------++-------
Melee: Unarmed           |    62 |    35 |       ||    97
       Dagger            |       |     7 |    30 ||    37
 Cast: Shock             |    67 |    57 |    45 ||   169
       Swiftness         |       |       |     4 ||     4
Evoke: Deck              |     1 |    18 |     9 ||    28
 Stab: Sleeping          |     3 |     4 |     4 ||    11
  Eat: Chunk             |     6 |     5 |     6 ||    17
